 Dungeon Crawl Stone Soup version 0.20.1-1-g8b1a95d (webtiles) character file.

55 slep the Charlatan (level 3, -1/26 HPs)
             Began as a Demonspawn Artificer on Oct 27, 2017.
             Slain by an adder (2 damage)
             ... on level 2 of the Dungeon.
             The game lasted 00:04:55 (816 turns).

slep the Charlatan (Demonspawn Artificer)            Turns: 816, Time: 00:04:55

Health: -1/26      AC: 11    Str: 12    XL:     3   Next: 67%
Magic:  6/6        EV: 13    Int: 12    God:
Gold:   4          SH:  0    Dex: 16    Spells: 2/2 levels left

rFire    . . .     SeeInvis .   a - +0 short sword
rCold    . . .     Gourm    .   (no shield)
rNeg     . . .     Faith    .   g - +0 robe (curse)
rPois    .         Spirit   .   (helmet restricted)
rElec    .         Reflect  .   (no cloak)
rCorr    .         Harm     .   (no gloves)
MR       .....                  (no boots)
Stlth    ++........             (no amulet)
Regen    0.1/turn               (no ring)
MPRegen  0.1/turn               (no ring)

@: lethally poisoned (-1 -> -8), sanguine armour
A: antennae 1, agile 1, screaming 1, sanguine armour 2
a: no special abilities


You were on level 2 of the Dungeon.
You were not hungry.

You visited 1 branch of the dungeon, and saw 2 of its levels.

You collected 4 gold pieces.

Inventory:

Hand Weapons
 a - a +0 short sword (weapon)
Armour
 b - a +0 leather armour
 g - a cursed +0 robe (worn)
Wands
 c - a wand of flame (12/48)
 d - a wand of enslavement (15/24)
 e - a wand of random effects (15/48)
Scrolls
 k - a scroll of remove curse {unknown}
 l - a scroll of enchant armour {unknown}
 m - a scroll of identify {unknown}
Potions
 i - a potion of invisibility {unknown}
 j - a potion of heal wounds {unknown}
 n - a potion of agility {unknown}
 o - a potion of cancellation {unknown}
Comestibles
 f - a bread ration
 p - a meat ration


   Skills:
 + Level 1.6 Fighting
 + Level 1.1 Short Blades
 + Level 0.1 Armour
 + Level 2.1 Dodging
 + Level 0.8 Stealth
 + Level 4.0 Evocations


You had 2 spell levels left.
You didn't know any spells.

Dungeon Overview and Level Annotations

Branches:
Dungeon (2/15)

Altars:


Innate Abilities, Weirdness & Mutations

When seriously injured, your bleeding wounds create thick armour. (AC +9)
You have a pair of small antennae on your head.
You are agile. (Dex +2)
You occasionally shout uncontrollably at your foes.


Message History

* * * LOW HITPOINT WARNING * * *
You feel sick. The adder bites you.
* * * LOW HITPOINT WARNING * * *
You hit the adder but do no damage.
The adder is heavily wounded.
The adder barely misses you. The adder closely misses you.
You miss the adder.
The adder is heavily wounded.
* * * LOW HITPOINT WARNING * * *
You feel sick. The adder completely misses you.
You hit the adder but do no damage.
The adder is heavily wounded.
* * * LOW HITPOINT WARNING * * *
You feel sick. The adder bites you but does no damage.
The adder closely misses you.
It was a potion of mutation.
You feel extremely strange.
You feel the urge to shout.
You feel agile. A pair of antennae grows on your head! The adder bites you.
You die...

#). #.# #.##### ###
#..... $.. #.##.####
..###.###.##.....
..$..........#######
.......@)...........
......S...##.#######
#.........##<#
..........##.#
...##$....##.# ..
......###># .
.####.## #.. #.# #..
##..


You could see an adder.

Vanquished Creatures
  Natasha (D:2)
  2 leopard geckos (D:1)
  2 giant cockroaches (D:1)
  6 goblins
  3 hobgoblins (D:1)
  3 bats
  2 frilled lizards (D:1)
  6 kobolds (D:1)
  2 rats (D:1)
27 creatures vanquished.

Notes
Turn   | Place    | Note
-------+----------+-------------------------------------------
     0 | D:1      | slep the Demonspawn Artificer began the quest for the Orb.
     0 | D:1      | Reached XP level 1. HP: 15/15 MP: 3/3
    35 | D:1      | Reached skill level 1 in Short Blades
    87 | D:1      | Gained mutation: When seriously injured, your bleeding wounds create armour. (AC +9) [demonic ancestry]
    87 | D:1      | Reached XP level 2. HP: 10/21 MP: 4/4
   779 | D:2      | Noticed Natasha
   790 | D:2      | Noticed a crimson imp
   790 | D:2      | Killed Natasha
   790 | D:2      | Reached skill level 4 in Evocations
   790 | D:2      | Gained mutation: When seriously injured, your bleeding wounds create thick armour. (AC +9) [demonic ancestry]
   790 | D:2      | Reached XP level 3. HP: 10/26 MP: 4/6
   814 | D:2      | HP: 1/26 [poisoned by an adder]
   816 | D:2      | Gained mutation: You occasionally shout uncontrollably at your foes. [potion of mutation]
   816 | D:2      | Gained mutation: You are agile. (Dex +2) [potion of mutation]
   816 | D:2      | Gained mutation: You have a pair of small antennae on your head. [potion of mutation]
   816 | D:2      | Slain by an adder

Skill      XL: |  1  2 |
---------------+-------+-----
Short Blades   | 1 |  1.1
Dodging        | 2 |  2.1
Evocations     | 4 |  4.0
Fighting       | |  1.6
Armour         | |  0.1
Stealth        | |  0.8

Action                   || total
-------------------------++-------
Melee: Short sword       ||   109
Evoke: Wand              ||     3
  Use: Potion            ||     1
 Stab: Sleeping          ||     1
Armor: Leather armour    ||     2
       Robe              ||    16
Dodge: Dodged            ||    60
